 Dungeon Crawl Stone Soup version 0.25-a0-98-g0cf78c2f83 (webtiles) character file.

Game seed: 1329577934630878132, levelgen mode: deterministic

143 Ilves the Chopper (level 5, -4/72 HPs)
             Began as a Hill Orc Berserker on Nov 13, 2019.
             Was a Believer of Trog.
             Slain by an orc warrior
             ... wielding a +0 battleaxe
              (12 damage)
             ... on level 3 of the Dungeon.
             The game lasted 00:03:21 (2862 turns).

Ilves the Chopper (Hill Orc Berserker)              Turns: 2862, Time: 00:03:22

Health: -4/72      AC:  4    Str: 25    XL:     5   Next: 25%
Magic:  5/5        EV: 12    Int:  7    God:    Trog [**....]
Gold:   79         SH:  0    Dex: 11    Spells: 4/4 levels left

rFire    . . .     SeeInvis +   a - +0 hand axe
rCold    . . .     Gourm    .   (no shield)
rNeg     . . .     Faith    .   b - +0 animal skin
rPois    .         Spirit   .   h - +0 helmet
rElec    .         Reflect  .   f - +0 cloak
rCorr    .         Harm     .   (no gloves)
MR       .....                  (no boots)
Stlth    ..........             (no amulet)
HPRegen  0.22/turn              g - ring of see invisible
MPRegen  0.09/turn              (no ring)

@: berserking, very quick
A: no striking features
a: Berserk, Trog's Hand, Renounce Religion


You were on level 3 of the Dungeon.
You worshipped Trog.
Trog was pleased with you.
You were very hungry.

You visited 1 branch of the dungeon, and saw 3 of its levels.

You collected 79 gold pieces.

Inventory:

Hand Weapons
 a - a +0 hand axe (weapon)
Armour
 b - a +0 animal skin (worn)
 f - a +0 cloak (worn)
 h - a +0 helmet (worn)
Jewellery
 g - a ring of see invisible (left hand)
Scrolls
 d - a scroll of magic mapping {unknown}
 j - 3 scrolls of identify {unknown}
 k - 3 scrolls of remove curse {unknown}
 m - a scroll of enchant weapon {unknown}
 n - 3 scrolls of enchant armour {unknown}
Potions
 e - a potion of might {unknown}
 i - a potion of heal wounds {unknown}
 l - a potion of flight {unknown}
Comestibles
 c - 5 rations
 o - 7 chunks of flesh


   Skills:
 + Level 5.0 Fighting
 + Level 6.6 Axes
 - Level 2.1 Armour
 - Level 1.5 Dodging


You had 4 spell levels left.
You didn't know any spells.
Your spell library was empty.

Dungeon Overview and Level Annotations

Branches:
Dungeon (3/15)

Altars:


Message History

You hit the orc warrior but do no damage.
The orc warrior is lightly wounded.
The orc warrior hits you with a +0 battleaxe!
You hit the orc warrior.
The orc warrior is moderately wounded.
You hit the orc warrior but do no damage.
The orc warrior is moderately wounded.
You barely miss the worm. The orc warrior completely misses you.
You barely miss the orc warrior.
The orc warrior is moderately wounded.
You hit the worm.
The orc warrior hits you with a +0 battleaxe.
* * * LOW HITPOINT WARNING * * *
The worm bites you.
* * * LOW HITPOINT WARNING * * *
A red film seems to cover your vision as you go berserk!
You feel yourself moving faster!
You feel mighty!
You are feeling very hungry.
The orc warrior hits you with a +0 battleaxe!
You die...

#######.######.#
#........).....#
#.#####รทรท......#
#.#####.#####.##
........# #.# ##......#
#.# ........#
#.########..
........#####....w......
#...............@o.....#
.#######################


You could see an orc warrior and a worm.

Vanquished Creatures
  7 adders (D:2)
  2 oozes
  2 worms (D:2)
  A dart slug (D:2)
  A leopard gecko (D:1)
  2 orcs (D:3)
  5 giant cockroaches
  5 goblins
  6 hobgoblins
  4 jackals
  6 kobolds
  8 bats
  3 frilled lizards
  16 rats
68 creatures vanquished.

Notes
Turn   | Place    | Note
-------+----------+-------------------------------------------
     0 | D:1      | Ilves the Hill Orc Berserker began the quest for the Orb.
     0 | D:1      | Reached XP level 1. HP: 19/19 MP: 1/1
    38 | D:1      | Reached XP level 2. HP: 16/27 MP: 2/2
   388 | D:1      | Reached XP level 3. HP: 33/33 MP: 3/3
   522 | D:1      | Reached skill level 5 in Axes
   844 | D:2      | Reached ** piety under Trog
  1201 | D:2      | Reached XP level 4. HP: 18/41 MP: 4/4
  1498 | D:2      | Reached skill level 6 in Axes
  2311 | D:2      | Reached XP level 5. HP: 43/47 MP: 5/5
  2843 | D:3      | Noticed an orc warrior
  2850 | D:3      | Reached skill level 5 in Fighting
  2862 | D:3      | Slain by an orc warrior

Levels and vault maps discovered:
D:1:      erik_arrival_orb_chamber, layout_basic, minmay_misc_feat_diagonals,
          minmay_tree_intersection, minmay_misc_feat_tower,
          chequers_serial_rivers_micro_b
D:2:      layout_basic, first_ration
D:3:      layout_loops_ring, kennysheep_slug_shrine, lemuel_round_altar,
          gammafunk_temple_overflow_statue, chequers_ecumenical_altar_simple,
          minmay_lizard_king

Skill      XL: |  1  2  3  4  5 |
---------------+----------------+-----
Fighting       | 4 5 |  5.0
Axes           | 5 6 |  6.6
Armour         | |  2.1
Dodging        | |  1.5

Action                   |  1- 3 |  4- 6 || total
-------------------------+-------+-------++-------
Melee: Hand axe          |   121 |    99 ||   220
Invok: Berserk           |       |     1 ||     1
 Stab: Sleeping          |     2 |       ||     2
       Distracted        |       |     1 ||     1
  Eat: Chunk             |     1 |     5 ||     6
Armor: Animal skin       |    29 |    25 ||    54
Dodge: Dodged            |    62 |    53 ||   115

Table legend:
 A = Non-vault XP
 B = Vault XP
 C = Vault XP percentage of total XP
 D = Non-vault monster count
 E = Vault monster count
 F = Vault count percentage of total count
                 A         B        C        D         E       F
            +---------+---------+-------+---------+---------+-------
      Total |     193 |      12 |   5.9 |      56 |      12 |  17.6
            +---------+---------+-------+---------+---------+-------
        D:1 |      34 |      12 |  26.1 |      19 |      12 |  38.7
        D:2 |     142 |       0 |   0.0 |      29 |       0 |   0.0
        D:3 |      17 |       0 |   0.0 |       8 |       0 |   0.0
            +---------+---------+-------+---------+---------+-------
